 Dungeon Crawl Stone Soup version 0.28-a0-1624-g820543e53a (webtiles) character file.

Game seed: 11919545504210990570

386 croobank the Firebug (level 6, -1/45 HPs)
             Began as a Draconian Fire Elementalist on Jan 23, 2022.
             Slain by a gnoll (4 damage)
             ... on level 5 of the Dungeon.
             The game lasted 00:18:56 (3965 turns).

croobank the Firebug (Draconian Fire Elementalist)  Turns: 3965, Time: 00:18:56

Health: -1/45      AC:  7    Str: 10    XL:     6   Next: 48%
Magic:  5/10       EV: 12    Int: 17    God:
Gold:   213        SH:  0    Dex: 12    Spells: 6/11 levels left

rFire   . . .      SeeInvis .   a - +3 mace (drain)
rCold   . . .      Faith    .   (no shield)
rNeg    . . .      Spirit   .   (armour unavailable)
rPois   .          Reflect  .   (helmet restricted)
rElec   .          Harm     .   (no cloak)
rCorr   .          Rampage  .   (no gloves)
Will    .....                   p - +0 pair of boots
Stlth   ++........              (no amulet)
HPRegen 0.15/turn               (no ring)
MPRegen 0.12/turn               (no ring)

@: no status effects
A: AC +6, unfitting armour, cold-blooded
a: no special abilities


You were on level 5 of the Dungeon.
You visited 1 branch of the dungeon, and saw 5 of its levels.

You collected 213 gold pieces.

Inventory:

Hand Weapons
 a - a +3 mace of draining (weapon)
 b - a +0 hunting sling
 g - a +0 whip of freezing
 m - a +0 dagger of venom
Missiles
 c - 90 stones
 d - 16 bolts
 i - 51 arrows
 l - 9 poisoned darts
Armour
 p - a +0 pair of boots (worn)
Scrolls
 k - a scroll of fear {unknown}
 r - a scroll of enchant weapon {unknown}
Potions
 e - 2 potions of ambrosia
 f - 2 potions of brilliance
 h - a potion of attraction
 j - a potion of curing {unknown}


   Skills:
 + Level 1.7 Maces & Flails
 + Level 3.0 Dodging
 + Level 3.1 Stealth
 + Level 3.1 Spellcasting
 + Level 2.6 Conjurations
 + Level 1.4 Hexes
 + Level 4.0 Fire Magic


You had 6 spell levels left.
You knew the following spells:

 Your Spells              Type           Power      Damage    Failure   Level
a - Foxfire               Conj/Fire      56%        2x1d6     4%          1
b - Scorch                Fire           32%        2d6       4%          2
c - Ensorcelled Hibernat  Hex/Ice        10%        N/A       19%         2

Your spell library contained the following spells:

 Spells                   Type           Power      Damage    Failure   Level
 Conjure Flame            Conj/Fire      14%        6-21      13%         3
 Inner Flame              Hex/Fire       12%        N/A       17%         3
 Flame Wave               Conj/Fire      14%        2d6       41%         4
 Spider Form              Tmut/Pois      2%         N/A       45%         3
 Anguish                  Hex/Necr       2%         N/A       77%         4
 Petrify                  Tmut/Erth      2%         N/A       86%         4
 Metabolic Englaciation   Hex/Ice        2%         N/A       98%         5
 Statue Form              Tmut/Erth      1%         N/A       100%        6


Dungeon Overview and Level Annotations

Branches:
Dungeon (5/15)
 Temple: D:4-7

Altars:

Shops:
D:1 !


Innate Abilities, Weirdness & Mutations

Your plain brown scales are hard. (AC +6)
You cannot fit into any form of body armour.
You are cold-blooded and may be slowed by cold attacks.


Message History

The gnoll is healed!
The gnoll shaman hits you with a +0 club.
A black bear comes into view.
You sock the gnoll shaman!
You kill the gnoll shaman!
The gnoll closely misses you.
Your Dodging skill increases to level 3!
The gnoll barely misses you. The gnoll hits you with a +0 spear.
Things that are here:
a +0 club; a +0 robe You thump the gnoll!
You drain the gnoll.
You kill the gnoll!
The gnoll throws a throwing net.
The throwing net hits you.
You become entangled in the net!
The gnoll hits you but does no damage. x2
You struggle against the net.
The gnoll hits you with a +0 flail.
The gnoll hits you from afar with a +0 spear.
You struggle against the net.
The gnoll hits you with a +0 flail! The gnoll completely misses you.
You struggle against the net.
The gnoll is no longer more vulnerable to fire.
The gnoll closely misses you.
The gnoll hits you from afar with a +0 spear.
* * * LOW HITPOINT WARNING * * *
Okay, then.
Casting: Scorch (safe; 4% risk of failure)
Confirm with . or Enter, or press ? or * to list all spells.
Okay, then.
Unknown command.
You rip the net and break free!
The gnoll barely misses you. x2
You barely miss the gnoll.
Your tail-slap misses the gnoll.
The gnoll hits you with a +0 flail!
* * * LOW HITPOINT WARNING * * *
The gnoll hits you from afar with a +0 spear.
* * * LOW HITPOINT WARNING * * *
There is an open door here.
Press: ? - help, v - describe, . - travel
Here: a gnoll, wielding a +0 flail An open door.
You hit the gnoll but do no damage. The gnoll hits you with a +0 flail.
You die...

. .....########.....#.##
..#####.................#.
................Z.....)...
#.............###.......#.
#.......##.....))Z......#
#...#...<#+##Z####...####.
#.. #.#.†...#h# #........
#.#.††..#.####..#####. .
#..@..#.#.....# .#
#.##g##.#.##..#
..###....##....#...#
.#........g.g...#.#.#
................#.#
.###########.####.. #...
..# #####


You could see 2 gnolls.

Vanquished Creatures
  A sky beast (D:5)
  A killer bee (D:5)
  2 hounds
  A gnoll shaman (D:5)
  Robin (D:3)
  2 gnolls (D:5)
  6 adders
  A dart slug (D:1)
  3 worms
  2 orcs (D:4)
  8 bats
  4 endoplasms
  2 giant cockroaches
  12 goblins
  9 hobgoblins
  A quokka (D:2)
  3 ball pythons (D:3)
  7 frilled lizards
  4 kobolds
  6 rats
76 creatures vanquished.

Vanquished Creatures (others)
  109 foxfires
109 creatures vanquished.

Grand Total: 185 creatures vanquished

Notes
Turn   | Place    | Note
-------+----------+-------------------------------------------
     0 | D:1      | croobank the Draconian Fire Elementalist began the quest
                  | for the Orb.
     0 | D:1      | Reached XP level 1. HP: 14/14 MP: 3/3
    99 | D:1      | Found a faded altar of an unknown god.
   144 | D:1      | Found Kypuri Usezo's Distillery.
   591 | D:1      | Reached XP level 2. HP: 16/20 MP: 1/5
   631 | D:1      | Learned a level 2 spell: Scorch
   822 | D:1      | Learned a level 2 spell: Ensorcelled Hibernation
  1184 | D:2      | Reached XP level 3. HP: 16/26 MP: 1/6
  1188 | D:2      | HP: 1/26 [poisoned by an adder]
  2503 | D:3      | Reached XP level 4. HP: 33/33 MP: 1/7
  2798 | D:3      | Noticed Robin
  2806 | D:3      | Killed Robin
  3603 | D:4      | Reached XP level 5. HP: 35/38 MP: 2/9
  3795 | D:5      | Entered Level 5 of the Dungeon
  3797 | D:5      | Noticed a sky beast
  3798 | D:5      | Reached skill level 1 in Maces & Flails
  3824 | D:5      | Killed a sky beast
  3825 | D:5      | Reached skill level 1 in Hexes
  3825 | D:5      | Reached XP level 6. HP: 45/45 MP: 2/10
  3831 | D:5      | Reached skill level 4 in Fire Magic
  3952 | D:5      | HP: 1/45 [gnoll (3)]
  3965 | D:5      | Slain by a gnoll

Illustrated notes

Levels and vault maps discovered:
D:1:      minmay_arrival_four_circles, layout_basic,
          chequers_ecumenical_altar_island, serial_shops, shop_statue,
          minmay_distorted
D:2:      layout_loops_ring
D:3:      layout_loops_ring, serial_rivers, chequers_serial_rivers_micro_b,
          chequers_serial_rivers_small_b, chequers_serial_rivers_marsh,
          chequers_serial_rivers_room_a, uniq_robin
D:4:      layout_cave_pools
D:5:      layout_basic, uniq_eustachio

Skill      XL: |  1  2  3  4  5  6 |
---------------+-------------------+-----
Stealth        | 2 3 |  3.1
Dodging        | 2 3 |  3.0
Conjurations   | 2 |  2.6
Maces & Flails | 1 |  1.7
Spellcasting   | 3 |  3.1
Hexes          | 1 |  1.4
Fire Magic     | 4 |  4.0

Action                   |  1- 3 |  4- 6 || total
-------------------------+-------+-------++-------
Melee: Dagger            |    38 |     7 ||    45
       Tailslap          |     6 |       ||     6
       Punch             |     2 |       ||     2
       Mace              |       |    27 ||    27
 Cast: Foxfire           |    28 |    39 ||    67
       Scorch            |    22 |     9 ||    31
       Ensorcelled Hiber |       |     1 ||     1
  Use: Scroll            |     1 |     5 ||     6
       Potion            |       |     3 ||     3
 Stab: Sleeping          |     1 |       ||     1
Armor: Skin              |    12 |    44 ||    56
Dodge: Dodged            |    24 |    46 ||    70

Table legend: (Time is in decaauts)
 A = Elapsed time spent in this place.
 B = Non-inter-level travel time spent in this place.
 C = Inter-level travel time spent in this place.
 D = Time resting spent in this place.
 E = Time spent auto-exploring this place.
 F = Levels seen in this place.
 G = Mean time per level.
                   A        B        C        D        E       F      G
               +--------+--------+--------+--------+--------+-----+--------+
         Total |   3984 |   3902 |     82 |    447 |   2813 |   5 |  796.8 |
       Dungeon |   3984 |   3902 |     82 |    447 |   2813 |   5 |  796.8 |
               +--------+--------+--------+--------+--------+-----+--------+

Top non-repeatable levels by time:
     D:1: 1317 daAuts
     D:3: 1189 daAuts
     D:2: 1091 daAuts
     D:4: 208 daAuts
     D:5: 176 daAuts
